 Dungeon Crawl Stone Soup version 0.31.0-10-gcf4a605ca0 (webtiles) character file.

Game seed: 6267941368446596324

11601 Amaterasu the Grappler (level 11, -9/67 HPs)
             Began as a Gargoyle Shapeshifter on Jan 25, 2024.
             Was a High Priest of Cheibriados.
             Mangled by a dire elephant (14 damage)
             ... in a Gauntlet.
             The game lasted 00:22:52 (10973 turns).

Amaterasu the Grappler (Gargoyle Shapeshifter)     Turns: 10973, Time: 00:22:52

Health: -9/67      AC: 19    Str: 43    XL:     11   Next: 80%
Magic:  6/14       EV: 13    Int: 23    God:    Cheibriados [*****.]
Gold:   644        SH:  6    Dex: 26    Spells: 10/10 levels left

rFire   + +          .
                       - Unarmed
rCold   x . .        s - +0 buckler
rNeg    + . .        h - +1 fire dragon scales
rPois   ∞            (helmet currently unavailable)
rElec   +            (cloak currently unavailable)
rCorr   .            (gloves currently unavailable)
SInv    .            (boots currently unavailable)
Will    .....        E - amulet of regeneration Stlth
                     e - +6 ring of dexterity
HPRegen 1.11/turn    q - +6 ring of strength
MPRegen 0.14/turn

%: no teleportation
@: beast-form, very slow
A: beast (slay +2), sickness immunity, AC +8, negative energy resistance 1,
electricity resistance, torment resistance 1, petrification resistance, strong
1, no potion heal 1, inability to drink after injury 1
a: Begin Untransformation, Renounce Religion, Bend Time, Temporal Distortion,
Slouch, Step From Time


You were in a Gauntlet.
You worshipped Cheibriados.
Cheibriados was extremely pleased with you.
You were a hulking beast.
You visited 2 branches of the dungeon, and saw 12 of its levels.
You also visited: Gauntlet.

You collected 644 gold pieces.

Inventory:

Armour
 f - an orb of light
 h - +1 fire dragon scales (worn)
 s - a +0 buckler (worn)
 t - a +2 helmet
Jewellery
 e - a +6 ring of dexterity (left hand)
 m - a +6 ring of intelligence
 q - a +6 ring of strength (right hand)
 u - the ring "Lohiag" {rElec rF+ EV+5 Slay-4 SInv}
   (You found it on level 7 of the Dungeon)

   [ring of evasion]

   EV+5:      It affects your evasion (+5).
   Slay-4:    It affects your accuracy & damage with ranged weapons and melee
   (-4).
   rF+:       It protects you from fire.
   rElec:     It insulates you from electricity.
   SInv:      It lets you see invisible.
 y - an amulet of reflection
 E - an amulet of regeneration (around neck)
Talismans
 c - a beast talisman
 d - a flux talisman
 i - a talisman of death
Wands
 a - a wand of roots (25)
 b - a wand of light (3)
Scrolls
 g - a scroll of immolation
 n - 11 scrolls of teleportation
 o - 2 scrolls of poison
 p - a scroll of enchant armour
 r - 4 scrolls of amnesia
 v - a scroll of fear
 B - 2 scrolls of blinking
 F - a scroll of silence
Potions
 j - 3 potions of curing
 k - a potion of attraction
 l - a potion of haste
 w - a potion of ambrosia
 x - 2 potions of brilliance
 z - a potion of cancellation
 A - a potion of enlightenment
 C - 2 potions of magic {unknown}
 D - a potion of invisibility {unknown}


   Skills:
 * Level 7.1 Fighting
 - Level 6.0 Armour
 + Level 3.9 Dodging
 - Level 4.0 Shields
 + Level 13.6 Unarmed Combat
 - Level 5.0 Invocations
 * Level 5.0 Shapeshifting


You had 10 spell levels left.
You didn't know any spells.
Your spell library contained the following spells:

 Spells                   Type           Power      Damage    Failure   Level
 Freeze                   Ice            0%         1d3       30%         1
 Slow                     Hex            0%         N/A       30%         1
 Static Discharge         Conj/Air       0%         3-3/arc   43%         2
 Confusing Touch          Hex            0%         N/A       67%         3
 Frozen Ramparts          Ice            0%         1d1       67%         3
 Hailstorm                Conj/Ice       0%         3d5       67%         3
 Sigil of Binding         Hex            0%         N/A       67%         3
 Vampiric Draining        Necr           0%         2d6       67%         3
 Airstrike                Air            0%         2d(0-16)  97%         4
 Summon Lightning Spire   Summ/Air       0%         N/A       97%         4


Dungeon Overview and Level Annotations

Branches:
Dungeon (11/15)            Temple (1/1) D:5            Lair (0/5) D:10
Gauntlet (1/1)
    Orc: D:9-12

Altars:
Ashenzari
Cheibriados
Dithmenos
Elyvilon
Fedhas
Gozag
Hepliaklqana
Kikubaaqudgha
Makhleb
Nemelex Xobeh
Okawaru
Qazlal
Ru
Sif Muna
Trog
Uskayaw
Vehumet
Wu Jian
Xom
Yredelemnul
Zin
The Shining One

Shops:
D:4 (=?==

Annotations:
Gauntlet 9 transporters, 1 runed translucent door


Innate Abilities, Weirdness & Mutations

You are a hulking beast.
Your limbs bulge with bestial killing power. (Slay +2)
You are immune to sickness and miasma.
Your stone body is resilient. (AC +8)
You are immune to poison.
You resist negative energy. (rN+)
You are resistant to electric shocks. (rElec)
You are resistant to unholy torment.
You are immune to petrification.
Your muscles are strong. (Str +4, Int/Dex -1)
Potions are less effective at restoring your health.
You occasionally lose the ability to drink potions when taking damage.


Message History

There is an open translucent gate here.
There is a transporter here.
You enter the transporter and appear at another place.
There is a transporter here.
Your amulet attunes itself to your body as you begin to regenerate more quickly.
You enter the transporter and appear at another place.
F - a scroll of silence You punch the dire elephant!
The dire elephant is lightly wounded.
The dire elephant tramples you!
You hold your ground!
The dire elephant trunk-slaps you! The flow of time bends around you.
Cheibriados rebukes the dire elephant.
The dire elephant seems to slow down.
The dire elephant attacks as it pursues you!
The dire elephant tramples you but does no damage.
The dire elephant trunk-slaps you but does no damage.
You see here a +2 kite shield.
You hit the dire elephant but do no damage.
The dire elephant is lightly wounded.
The dire elephant tramples you but does no damage.
The dire elephant misses you.
You completely miss the dire elephant.
The dire elephant is lightly wounded.
The dire elephant is no longer moving slowly.
You completely miss the dire elephant.
The dire elephant is lightly wounded.
The dire elephant tramples you.
You stumble backwards!
The flow of time bends around you.
The dire elephant resists with some effort.
The flow of time bends around you.
The dire elephant resists with some effort.
The dire elephant tramples you!!
* * * LOW HITPOINT WARNING * * *
You hold your ground!
The dire elephant trunk-slaps you!
* * * LOW HITPOINT WARNING * * *
Okay, then.
The quicksilver ooze quivers.
The dire elephant tramples you!
You die...

........... ...©.©.©.. #
#..8.8.8.. ###############
####.......####≈#§#≈#≈#§#≈#≈##
.#≈#########§#...............##
....................8......8.≈#
.8.....8.....8...............##
...............###########...≈#
...#########...#hY[.©.[..#...##
...#...#©.$#...#.Y##.##..#...≈#
...#+#.###J#...#.##...##.#...##
...#.#...#[#...#.#.....#.#...≈#
.8.#.###.#.#.8.#....©....#.8.##
...#...#.#.#...#.#.....#.#...≈#
...###.#.#.#...#.##...##.#...##
...#©..#...#...#..##.##..#...≈#
...#########...#.........#..§##


You could see a dire elephant, an elephant and a quicksilver ooze.

Vanquished Creatures
  A boulder beetle (D:11)
  A centaur warrior (D:10)
  A two-headed ogre (D:9)
  2 thrashing horrors (Gauntlet)
  The ghost of fun123 the Basher, a novice GrFi of Okawaru (D:6)
  3 manticores
  Maggie (D:8)
  An unseen horror (D:10)
  A kobold demonologist (D:10)
  A troll (D:11)
  2 hornets (D:9)
  Grinder (D:3)
  4 wyverns
  A shadow (D:11)
  3 yaks (D:8)
  A basilisk (D:11)
  2 orc warriors
  2 ice beasts
  6 centaurs
  A phantom (D:6)
  5 kobold brigands
  3 small abominations (Gauntlet)
  7 bullfrogs
  2 scorpions
  15 killer bees
  A howler monkey (D:5)
  2 electric eels (D:6)
  A bombardier beetle (D:7)
  4 hounds
  A jelly (D:6)
  2 orc priests (D:8)
  A sleepcap (D:8)
  2 iguanas (D:4)
  8 orc wizards
  6 adders
  2 shadow imps
  3 white imps
  2 ufetubi (D:7)
  4 dart slugs
  3 ribbon worms
  29 orcs
  9 bats
  8 endoplasms
  4 giant cockroaches
  8 goblins
  8 hobgoblins
  7 jackals
  5 quokkas
  6 ball pythons
  10 frilled lizards
  30 kobolds
  6 rats
240 creatures vanquished.

Vanquished Creatures (others)
  A boulder beetle (D:10)
  An orc knight (D:10)
  An orc wizard (D:6)
3 creatures vanquished.

Grand Total: 243 creatures vanquished

Notes
Turn   | Place    | Note
-------+----------+-------------------------------------------
     0 | D:1      | Amaterasu the Gargoyle Shapeshifter began the quest for the
                  | Orb.
     0 | D:1      | Reached XP level 1. HP: 12/12 MP: 1/1
   280 | D:1      | Reached XP level 2. HP: 16/16 MP: 2/2
   522 | D:1      | Reached XP level 3. HP: 20/20 MP: 3/3
  1034 | D:2      | Found an ancient bone altar of Kikubaaqudgha.
  1134 | D:2      | Reached skill level 4 in Unarmed Combat
  1141 | D:2      | Reached skill level 1 in Armour
  1152 | D:2      | Reached XP level 4. HP: 19/26 MP: 4/4
  1870 | D:3      | Reached XP level 5. HP: 30/30 MP: 5/5
  1940 | D:3      | You fall into a shaft and drop 3 floors!
  2010 | D:5      | Entered Level 5 of the Dungeon
  2060 | D:5      | Reached skill level 5 in Unarmed Combat
  2120 | D:5      | Found a staircase to the Ecumenical Temple.
  2129 | Temple   | Entered the Ecumenical Temple
  2142 | Temple   | Became a worshipper of Cheibriados the Contemplative
  2176 | D:4      | Found Xerofiak's Jewellery Boutique.
  2194 | D:4      | Reached XP level 6. HP: 35/36 MP: 6/6
  2219 | D:4      | Found Lahaxot's Jewellery Shoppe.
  2314 | D:4      | Found Xysuus's Magic Scroll Boutique.
  2318 | D:4      | Found Ulegg's Antique Weapon Boutique.
  2475 | D:3      | Noticed Grinder
  2509 | D:3      | Paralysed by Grinder for 5 turns
  2519 | D:3      | Killed Grinder
  2520 | D:3      | Reached skill level 6 in Unarmed Combat
  2520 | D:3      | Reached XP level 7. HP: 26/41 MP: 7/7
  3268 | D:4      | Found Piofinol's Jewellery Shoppe.
  3335 | D:4      | Reached * piety under Cheibriados
  3347 | D:4      | Reached skill level 7 in Unarmed Combat
  3522 | D:4      | Reached skill level 1 in Shields
  3915 | D:5      | Reached XP level 8. HP: 46/46 MP: 8/8
  3953 | D:5      | Reached ** piety under Cheibriados
  4405 | D:6      | Reached skill level 8 in Unarmed Combat
  4471 | D:6      | Reached skill level 5 in Armour
  4928 | D:6      | Found a runed translucent door.
  5410 | D:6      | Noticed fun123's ghost (novice GrFi)
  5432 | D:6      | Killed fun123's ghost
  5433 | D:6      | Reached skill level 9 in Unarmed Combat
  5433 | D:6      | Reached XP level 9. HP: 17/52 MP: 9/9
  6198 | D:7      | Identified the ring "Lohiag" {rElec rF+ EV+5 Slay-4 SInv}
  6278 | D:7      | Found a hide-covered altar of Uskayaw.
  6279 | D:7      | Found a sparkling altar of Nemelex Xobeh.
  6285 | D:7      | Found a glowing golden altar of the Shining One.
  6288 | D:7      | Found a glowing silver altar of Zin.
  6291 | D:7      | Found a white marble altar of Elyvilon.
  6292 | D:7      | Found a shadowy altar of Dithmenos.
  6294 | D:7      | Reached *** piety under Cheibriados
  6334 | D:7      | Found a broken altar of Ashenzari.
  6336 | D:7      | Found a sacrificial altar of Ru.
  6340 | D:7      | Found a bloodstained altar of Trog.
  6524 | D:7      | Gained mutation: Potions are less effective at restoring
                  | your health. [potion of mutation]
  6524 | D:7      | Gained mutation: You occasionally lose the ability to drink
                  | potions when taking damage. [potion of mutation]
  6524 | D:7      | Gained mutation: Your muscles are strong. (Str +4, Int/Dex
                  | -1) [potion of mutation]
  6555 | D:8      | Noticed Maggie
  6566 | D:8      | Killed Maggie
  6567 | D:8      | Reached skill level 10 in Unarmed Combat
  6567 | D:8      | Reached skill level 1 in Invocations
  6631 | D:8      | Reached skill level 5 in Fighting
  6634 | D:8      | Reached XP level 10. HP: 53/59 MP: 9/11
  7027 | D:8      | Reached skill level 11 in Unarmed Combat
  7650 | D:9      | Reached **** piety under Cheibriados
  7696 | D:9      | Noticed a two-headed ogre
  7708 | D:9      | Killed a two-headed ogre
  8271 | D:9      | Reached skill level 12 in Unarmed Combat
  8659 | D:10     | Entered Level 10 of the Dungeon
  8726 | D:10     | Noticed a manticore
  8732 | D:10     | Killed a manticore
  8935 | D:10     | Noticed a kobold demonologist
  8942 | D:10     | Killed a kobold demonologist
  8943 | D:10     | Reached XP level 11. HP: 64/64 MP: 13/13
  8948 | D:10     | Reached ***** piety under Cheibriados
  9258 | D:10     | Found a staircase to the Lair.
  9475 | D:10     | Noticed an orc knight
  9475 | D:10     | Noticed a centaur warrior
  9475 | D:10     | Noticed a manticore
  9475 | D:10     | Noticed a boulder beetle
  9483 | D:10     | Killed an orc knight
  9489 | D:10     | Killed a centaur warrior
  9490 | D:10     | Killed a boulder beetle
  9491 | D:10     | Killed a manticore
  9492 | D:10     | Reached skill level 13 in Unarmed Combat
 10420 | D:11     | Noticed a manticore
 10425 | D:11     | Killed a manticore
 10544 | D:11     | Noticed a boulder beetle
 10559 | D:11     | Killed a boulder beetle
 10560 | D:11     | Reached skill level 5 in Invocations
 10564 | D:11     | Found a gate leading to a gauntlet.
 10574 | Gauntlet | Entered a Gauntlet
 10574 | Gauntlet | Noticed a death yak
 10574 | Gauntlet | Noticed a death yak
 10574 | Gauntlet | Noticed a death yak
 10574 | Gauntlet | Noticed a necromancer
 10574 | Gauntlet | Found a transporter.
 10577 | Gauntlet | Found a transporter.
 10577 | Gauntlet | Noticed a death yak
 10577 | Gauntlet | Noticed a death yak
 10578 | Gauntlet | Noticed a death yak
 10578 | Gauntlet | Noticed a balrug
 10579 | Gauntlet | Found a transporter.
 10583 | Gauntlet | Found a transporter.
 10587 | Gauntlet | Noticed a wretched star
 10590 | Gauntlet | Found a transporter.
 10591 | Gauntlet | Found a runed translucent door.
 10592 | Gauntlet | Noticed a quicksilver ooze
 10593 | Gauntlet | Found a transporter.
 10659 | Gauntlet | Found a runed translucent gate.
 10660 | Gauntlet | Found a transporter.
 10660 | Gauntlet | Found a runed translucent gate.
 10661 | Gauntlet | Found a transporter.
 10662 | Gauntlet | Found a transporter.
 10665 | Gauntlet | Found a transporter.
 10673 | Gauntlet | Found a runed translucent gate.
 10675 | Gauntlet | Found a transporter.
 10676 | Gauntlet | Found a transporter.
 10676 | Gauntlet | Noticed a dire elephant
 10707 | Gauntlet | Noticed a thrashing horror
 10707 | Gauntlet | Noticed a thrashing horror
 10817 | Gauntlet | Killed a thrashing horror
 10822 | Gauntlet | Killed a thrashing horror
 10823 | Gauntlet | Reached skill level 5 in Shapeshifting
 10972 | Gauntlet | HP: 3/67 [dire elephant (11)]
 10973 | Gauntlet | Mangled by a dire elephant

Illustrated notes

Levels and vault maps discovered:
D:1:      dpeg_cavernosity, layout_rooms, minmay_misc_feat_doors,
          grunt_decor_resistance
D:2:      layout_basic, basic_altar, minmay_tripent
D:3:      layout_basic, hex_large, kennysheep_generic_room_15, uniq_grinder
D:4:      layout_cave_pools, serial_shops, shop, shop, shop, shop,
          nicolae_square_shop, hangedman_abyss_or_decor_passed,
          minmay_lizard_king
D:5:      layout_cave_pools, minmay_temple_entry_trees
D:6:      layout_basic, serial_rivers, chequers_serial_rivers_micro_d,
          chequers_serial_rivers_micro_a, chequers_serial_rivers_large_b,
          chequers_serial_rivers_micro_b, chequers_serial_rivers_marsh,
          ebering_ghost_reflecting_pool, water_boxes_lemuel
D:7:      layout_basic, nicolae_overflow_hallway_of_the_gods
D:8:      layout_basic, minmay_holes, uniq_maggie
D:9:      layout_loops_ring
D:10:     minmay_bloctagon_deflated, layout_layer_cave, lair_entry_dummy
D:11:     layout_rooms, gauntlet_entry_generic
Temple:   dshaligram_water_room_temple
Gauntlet: minmay_gauntlet_mixed_oops_all_seconds
          [minmay_gauntlet_arena_77_checkered, gammafunk_gauntlet_arena_spirals,
          minmay_gauntlet_arena_77_run_for_it, gammafunk_gauntlet_arena_grid,
          minmay_gauntlet_arena_77_path, gammafunk_gauntlet_arena_split_diamond,
          gauntlet_exit_watery]

Skill      XL: |  1  2  3  4  5  6  7  8  9 10 11 |
---------------+----------------------------------+-----
Unarmed Combat | 4 5 6 7 9 10 12 13 | 13.6
Fighting       | 2 3 4 5 6 7 |  7.1
Armour         | 1 2 3 4 6 |  6.0
Dodging        | 2 3 |  3.9
Shields        | 1 3 4 |  4.0
Invocations    | 1 3 5 |  5.0
Shapeshifting  | 3 4 5 |  5.0

Action                     |  1- 3 |  4- 6 |  7- 9 | 10-12 || total
---------------------------+-------+-------+-------+-------++-------
  Melee: Unarmed           |   116 |   163 |   267 |   254 ||   800
         Punch             |     4 |     2 |       |       ||     6
 Invoke: Bend Time         |       |       |       |     5 ||     5
  Evoke: Wand              |       |       |       |     7 ||     7
    Use: Scroll            |     2 |     2 |    14 |     4 ||    22
         Potion            |       |       |     2 |       ||     2
   Stab: Distracted        |       |       |     1 |       ||     1
         Invisible         |       |       |       |     2 ||     2
 Armour: Animal skin       |    14 |       |       |       ||    14
         Fire dragon scale |    49 |    99 |   179 |   200 ||   527
         Skin              |       |       |     2 |       ||     2
  Dodge: Dodged            |    49 |    94 |   147 |   194 ||   484
  Block: Buckler           |       |       |    49 |   107 ||   156
